 Dungeon Crawl Stone Soup version 0.23.1-37-gaa34b87b72 (webtiles) character file.

Game seed: 13373079066904502063

1141 GGGomer the Chopper (level 8, -6/71 HPs)
             Began as a Minotaur Fighter on Mar 21, 2019.
             Mangled by a two-headed ogre
             ... wielding a cursed -1 giant club
              (18 damage)
             ... on level 5 of the Dungeon.
             The game lasted 00:15:58 (5368 turns).

GGGomer the Chopper (Minotaur Fighter)              Turns: 5368, Time: 00:15:58

Health: -6/71      AC: 15    Str: 23    XL:     8   Next: 14%
Magic:  7/7        EV:  3    Int:  5    God:
Gold:   278        SH: 16    Dex: 10    Spells: 7/7 levels left

rFire    + . .     SeeInvis .   a - +0 war axe
rCold    . . .     Gourm    +   D - +0 large shield
rNeg     . . .     Faith    .   k - +0 plate armour (curse)
rPois    .         Spirit   .   (helmet restricted)
rElec    .         Reflect  .   (no cloak)
rCorr    .         Harm     .   (no gloves)
MR       .....                  h - +1 pair of boots
Stlth    ..........             b - amulet of the gourmand
HPRegen  0.21/turn              i - ring of protection from fire
MPRegen  0.10/turn              (no ring)

@: no status effects
A: retaliatory headbutt, horns 2
a: no special abilities


You were on level 5 of the Dungeon.
You were completely stuffed.

You visited 1 branch of the dungeon, and saw 5 of its levels.

You collected 278 gold pieces.

Inventory:

Hand Weapons
 a - a +0 war axe (weapon)
 v - a +2 dagger of venom
 G - a +0 shortbow
Missiles
 H - 8 arrows
Armour
 h - a +1 pair of boots (worn)
 k - a cursed +0 plate armour (worn)
 D - a +0 large shield (worn)
Jewellery
 b - an amulet of the gourmand (around neck)
 c - an uncursed ring of protection from fire
 i - a ring of protection from fire (left hand)
 m - a cursed amulet of inaccuracy
Wands
 p - a wand of flame (17)
Scrolls
 g - a scroll of immolation
 l - a scroll of fear
 r - a scroll of remove curse
 s - 2 scrolls of amnesia
 u - 3 scrolls of identify
 w - 2 scrolls of fog {unknown}
 y - a scroll of enchant weapon {unknown}
 A - a scroll of teleportation {unknown}
 C - 2 scrolls of magic mapping {unknown}
Potions
 d - 2 potions of might
 e - a potion of brilliance {unknown}
 j - 2 potions of flight {unknown}
 n - 2 potions of agility {unknown}
 o - 5 potions of curing
 q - a potion of ambrosia {unknown}
 t - a potion of berserk rage {unknown}
 x - a potion of heal wounds {unknown}
 z - 2 potions of lignification {unknown}
 B - a potion of mutation {unknown}
 F - a potion of resistance {unknown}
 I - a potion of experience {unknown}
Comestibles
 f - 9 rations


   Skills:
 + Level 6.4 Fighting
 + Level 7.0 Axes
 + Level 6.6 Armour
 + Level 0.4 Dodging
 + Level 0.6 Stealth
 + Level 6.4 Shields


You had 7 spell levels left.
You didn't know any spells.
Your spell library was empty.

Dungeon Overview and Level Annotations

Branches:
Dungeon (5/15)
 Temple: D:4-7

Altars:
Ru

Annotations:
D:4 1 runed translucent door


Innate Abilities, Weirdness & Mutations

You reflexively headbutt those who attack you in melee.
You have a pair of horns on your head.


Message History

Which direction?
As you close the door, it creaks loudly!
A two-headed ogre opens the door.
There is an open door here.
You close the door.
A two-headed ogre opens the door.
You block the two-headed ogre's attack. x2
There is an open door here.
Okay, then.
All of the chunks of flesh in your inventory have rotted away.
You block the two-headed ogre's attack.
The two-headed ogre hits you with a +0 giant spiked club.
* * * LOW HITPOINT WARNING * * *
You block the two-headed ogre's attack.
The two-headed ogre hits you but does no damage.
You barely miss the two-headed ogre. You headbutt the two-headed ogre!
The two-headed ogre is heavily wounded.
The two-headed ogre hits you with a cursed -1 giant club.
* * * LOW HITPOINT WARNING * * *
The two-headed ogre hits you with a +0 giant spiked club!!
You die...

.##<####............# #.#
.##.# #.##########.####.#
.##.####.#........#.#....#
.#.........####.###.#.####
.#######............#.#
.......#.........#..#.#
.#####.#........##..#.#
.......'..............#
.#####.#.......#@######.#
.# #......#..O........#
.##########.#.###.#######
............#.#...#
..............##.##
............####.#
.................#
...........#..####
...........##[#


You could see a two-headed ogre.

Vanquished Creatures
  The ghost of luab the Charmwright, a novice GnSk of Okawaru (D:4)
  Sigmund (D:5)
  A phantom (D:5)
  A centaur (D:5)
  A big kobold (D:4)
  A bullfrog (D:4)
  A crimson imp (D:5)
  An orc priest (D:5)
  3 orc wizards
  A worker ant (D:4)
  Robin (D:3)
  A river rat (D:4)
  7 adders
  An ooze (D:3)
  An adder skeleton (D:4)
  A worm (D:3)
  2 dart slugs
  6 leopard geckos
  20 orcs
  3 bats
  3 giant cockroaches
  7 goblins
  7 hobgoblins
  3 quokkas
  6 frilled lizards
  26 kobolds
  11 rats
118 creatures vanquished.

Notes
Turn   | Place    | Note
-------+----------+-------------------------------------------
     0 | D:1      | GGGomer the Minotaur Fighter began the quest for the Orb.
     0 | D:1      | Reached XP level 1. HP: 19/19 MP: 0/0
   456 | D:1      | Reached XP level 2. HP: 24/27 MP: 1/1
  1085 | D:2      | Found a sacrificial altar of Ru.
  1106 | D:2      | Reached XP level 3. HP: 12/33 MP: 2/2
  1543 | D:2      | Reached skill level 3 in Axes
  1657 | D:3      | Noticed Robin
  1667 | D:3      | Killed Robin
  1667 | D:3      | Reached XP level 4. HP: 27/40 MP: 3/3
  1886 | D:3      | Reached skill level 4 in Axes
  2164 | D:3      | Reached XP level 5. HP: 46/46 MP: 4/4
  2773 | D:4      | Reached skill level 5 in Armour
  3000 | D:4      | Found a runed translucent door.
  3003 | D:4      | Noticed luab's ghost (novice GnSk)
  3179 | D:4      | Reached skill level 5 in Axes
  3179 | D:4      | Reached XP level 6. HP: 55/55 MP: 5/5
  3463 | D:4      | Reached skill level 5 in Fighting
  3948 | D:4      | Reached skill level 5 in Shields
  4003 | D:4      | Killed luab's ghost
  4003 | D:4      | Reached skill level 6 in Axes
  4003 | D:4      | Reached XP level 7. HP: 8/61 MP: 6/6
  4288 | D:4      | Found a runed translucent door.
  4605 | D:5      | Entered Level 5 of the Dungeon
  5085 | D:5      | Noticed Sigmund
  5093 | D:5      | Killed Sigmund
  5093 | D:5      | Reached skill level 7 in Axes
  5093 | D:5      | Reached XP level 8. HP: 55/71 MP: 7/7
  5261 | D:5      | Noticed a two-headed ogre
  5368 | D:5      | Mangled by a two-headed ogre

Skill      XL: |  1  2  3  4  5  6  7 |
---------------+----------------------+-----
Armour         | 4 5 6 |  6.6
Fighting       | 4 5 6 |  6.4
Axes           | 3 4 5 6 7 |  7.0
Shields        | 4 5 6 |  6.4
Dodging        | |  0.4
Stealth        | |  0.6

Action                   |  1- 3 |  4- 6 |  7- 9 || total
-------------------------+-------+-------+-------++-------
Melee: War axe           |    92 |   240 |    85 ||   417
       Headbutt          |    14 |    33 |    17 ||    64
  Use: Scroll            |       |     6 |       ||     6
 Stab: Distracted        |       |     1 |       ||     1
  Eat: Chunk             |     6 |    15 |     5 ||    26
Armor: Scale mail        |    10 |       |       ||    10
       Plate armour      |    50 |   136 |    30 ||   216
Dodge: Dodged            |    17 |    34 |     6 ||    57
Block: Shield            |    39 |   120 |     4 ||   163
       Large shield      |       |       |    58 ||    58
